 Dungeon Crawl Stone Soup version 0.31-a0-931-g7b59d4eb97 (webtiles) character file.

Game seed: 7105350269649770365

23433 bjtr the Covert (level 13, 0/57 HPs)
             Began as a Vine Stalker Enchanter on Oct 19, 2023.
             Was a Priest of Hepliaklqana.
             Slain by a cyan ugly thing (12 damage)
             ... on level 14 of the Dungeon on Oct 20, 2023.
             The game lasted 01:21:51 (12911 turns).

bjtr the Covert (Vine Stalker Enchanter)           Turns: 12911, Time: 01:21:55

Health: 0/57       AC: 12    Str: 10    XL:     13   Next: 6%
Magic:  0/26       EV: 14    Int: 19    God:    Hepliaklqana [***...]
Gold:   1885       SH: 14    Dex: 23    Spells: 12/29 levels left

rFire   . . .        H - +2 dagger (venom)
rCold   . . .        C - +1 kite shield
rNeg    . . .        n - +0 troll leather armour
rPois   .            Y - +2 helmet
rElec   .            F - +2 cloak
rCorr   .            i - +1 pair of gloves
SInv    .            (no boots)
Will    ++...        J - amulet of magic regeneration
Stlth   +++++        m - ring of willpower
HPRegen 1.89/turn    T - +6 ring of dexterity
MPRegen 0.60/turn

%: guardian spirit
@: no status effects
A: reduced essence, fangs 3, regeneration 1, magic shield, antimagic bite, no
potion heal 2
a: Renounce Religion, Recall Ancestor, Ancestor Identity, Transference


You were on level 14 of the Dungeon.
You worshipped Hepliaklqana.
Hepliaklqana was most pleased with you.
You visited 2 branches of the dungeon, and saw 15 of its levels.
You also visited: Bailey.

You collected 1885 gold pieces.

Inventory:

Hand Weapons
 e - a +3 trident of draining
 t - a +1 dagger of protection
 y - a +0 sling
 A - a +2 short sword of flaming
 G - a +1 dagger of electrocution
 H - a +2 dagger of venom (weapon)
 L - a +4 trident
 P - a +2 scimitar of flaming
Missiles
 l - a curare-tipped dart
 x - 53 poisoned darts
 Q - 3 javelins (quivered)
 Z - a throwing net
Armour
 i - a +1 pair of gloves (worn)
 n - a +0 troll leather armour (worn)
 C - a +1 kite shield (worn)
 F - a +2 cloak (worn)
 U - +0 acid dragon scales
 Y - a +2 helmet (worn)
Jewellery
 d - a ring of willpower
 m - a ring of willpower (left hand)
 J - an amulet of magic regeneration (around neck)
 M - a ring of protection from fire
 N - a ring of protection from cold
 T - a +6 ring of dexterity (right hand)
Wands
 w - a wand of flame (8)
 B - a wand of polymorph (7)
 S - a wand of mindburst (1)
Scrolls
 c - 2 scrolls of blinking
 f - 3 scrolls of enchant weapon
 h - a scroll of fog
 k - 6 scrolls of teleportation
 r - 2 scrolls of silence
 v - a scroll of poison
 I - 4 scrolls of identify
 O - a scroll of butterflies
 W - a scroll of vulnerability
 X - 2 scrolls of revelation
Potions
 a - a potion of lignification
 b - 3 potions of haste
 g - 12 potions of curing
 j - 2 potions of enlightenment
 o - a potion of brilliance
 p - 5 potions of might
 q - 2 potions of attraction
 s - a potion of invisibility
 u - 3 potions of resistance
 z - a potion of berserk rage
 D - a potion of magic
 E - 3 potions of ambrosia


   Skills:
 + Level 5.5 Fighting
 + Level 6.3 Short Blades
 + Level 4.3 Armour
 + Level 6.2 Dodging
 + Level 9.6 Stealth
 * Level 9.5 Shields
 * Level 8.9 Spellcasting
 * Level 9.1 Hexes
 + Level 1.2 Ice Magic
 + Level 0.8 Invocations
 + Level 1.5 Evocations


You had 12 spell levels left.
You knew the following spells:

 Your Spells              Type           Power      Damage    Failure   Level
a - Slow                  Hex            100%       N/A       1%          1
b - Ensorcelled Hibernat  Hex/Ice        56%        N/A       6%          2
c - Confusing Touch       Hex            43%        N/A       2%          3
d - Tukima's Dance        Hex            43%        N/A       2%          3
e - Metabolic Englaciati  Hex/Ice        14%        N/A       73%         5
f - Dazzling Flash        Conj/Hex       50%        N/A       16%         3

Your spell library contained the following spells:

 Spells                   Type           Power      Damage    Failure   Level
 Sigil of Binding         Hex            43%        N/A       2%          3
 Summon Guardian Golem    Hex/Summ       25%        N/A       16%         3
 Shock                    Conj/Air       32%        1d5       34%         1
 Frozen Ramparts          Ice            26%        1d4       52%         3
 Hailstorm                Conj/Ice       10%        3d5       61%         3
 Gell's Gravitas          Tloc           8%         N/A       71%         3
 Swiftness                Air            8%         N/A       71%         3
 Teleport Other           Tloc           8%         N/A       71%         3
 Vampiric Draining        Necr           8%         2d6       71%         3
 Summon Ice Beast         Ice/Summ       10%        N/A       95%         4
 Airstrike                Air            4%         2d(1-17)  98%         4
 Petrify                  Tmut/Erth      8%         N/A       98%         4
 Dispersal                Tloc           4%         N/A       100%        6
 Simulacrum               Ice/Necr       5%         N/A       100%        6
 Orb of Destruction       Conj           4%         9d5       100%        7
 Spellforged Servitor     Conj/Summ      4%         N/A       100%        7


Dungeon Overview and Level Annotations

Branches:
Dungeon (14/15)            Temple (1/1) D:6            Lair (0/5) D:8
    Orc (0/2) D:9          Bailey (visited)
 Vaults: D:13-14

Altars:
Ashenzari
Cheibriados
Dithmenos
Elyvilon
Fedhas
Gozag
Hepliaklqana
Kikubaaqudgha
Makhleb
Nemelex Xobeh
Okawaru
Qazlal
Ru
Sif Muna
Trog
Uskayaw
Vehumet
Wu Jian
Xom
Yredelemnul
Zin
The Shining One
Ignis

Shops:
D:4 (


Innate Abilities, Weirdness & Mutations

Your life essence is reduced to manifest your ancestor. (-10% HP)
You have razor-sharp teeth.
Your natural rate of healing is unusually fast.
When hurt, damage is shared between your health and your magic reserves.
Your bite disrupts and absorbs the magic of your enemies.
Potions cannot restore your health.


Message History

The cyan ugly thing is lightly wounded.
The cyan ugly thing basks in the mutagenic energy from its kin and changes!
You block the cyan ugly thing's attack.
Unknown command.
You hit the cyan ugly thing but do no damage.
The cyan ugly thing looks as sick as possible!
You bite the cyan ugly thing, but do no damage.
The cyan ugly thing is lightly wounded.
The cyan ugly thing kicks you but does no damage.
You hit the cyan ugly thing. You bite the cyan ugly thing. You drain its power.
You feel invigorated.
The cyan ugly thing is moderately wounded.
The brown ugly thing basks in the mutagenic energy from its kin and changes!
The cyan ugly thing kicks you! The cyan ugly thing shocks you!
You hit the cyan ugly thing but do no damage.
The cyan ugly thing looks as sick as possible!
Your bite misses the cyan ugly thing.
The cyan ugly thing is moderately wounded.
You completely miss the cyan ugly thing.
You bite the cyan ugly thing. You drain its power.
You feel invigorated.
The cyan ugly thing is moderately wounded.
The cyan ugly thing kicks you. The cyan ugly thing shocks you!
You hit the cyan ugly thing but do no damage.
Your bite misses the cyan ugly thing.
The cyan ugly thing is moderately wounded.
The cyan ugly thing kicks you!
* * * LOW HITPOINT WARNING * * *
The cyan ugly thing shocks you!
* * * LOW HITPOINT WARNING * * *
Okay, then.
Okay, then.
Casting: Tukima's Dance (dangerous; 2% risk of failure)
Confirm with . or Enter, or press ? or * to list all spells.
Casting: Dazzling Flash (dangerous; 16% risk of failure)
Press: ? - help, Dir - look around, f - activate Look: a skeletal warrior, wielding a +0 short sword (almost destroyed, not susceptible)
The cyan ugly thing is dazzled.
The cyan ugly thing kicks you.
* * * LOW HITPOINT WARNING * * *
The cyan ugly thing shocks you!
You die...

†(.##..## ####.# . .####..#
####....#.####
......####....**.#...=.
.....###.......Quu...#
...####........uc#...# ####
#..####.###.#....# # #. #*Q.# #z#
...# u #....# #u# ... #.$..# #@#
... .u.*.[##..# #... #
..#######..#....... #. ...
...#.......## #. ..
....#.......... #.
.....#..........#####
##################...............
.....<..............# .......#
.............#.#....# #.......


You could see 4 ugly things, a skeletal warrior, a centaur warrior, a tengu
conjurer and a battlesphere (distracted).

Vanquished Creatures
  2 centaur warriors
  Erica (D:8)
  2 two-headed ogres
  A tengu warrior (D:14)
  An occultist (D:14)
  4 ugly things (D:14)
  A cyclops (D:11)
  3 gargoyles
  Jeremiah (D:9)
  A kobold demonologist (D:11)
  An efreet (D:13)
  2 komodo dragons (D:8)
  A troll (D:12)
  Grinder (D:4)
  2 shadows
  Sigmund (D:4)
  4 slime creatures (D:13)
  A vampire (Bailey)
  A wyvern (D:9)
  A wraith (D:12)
  13 yaks
  A steam dragon (D:8)
  Edmund (D:4)
  3 wargs (D:10)
  An acid dragon (D:11)
  Duvessa (D:6)
  A water moccasin (D:6)
  2 orc warriors (D:10)
  4 black bears
  A sky beast (D:6)
  4 centaurs (D:11)
  An ogre (D:7)
  A phantom (D:6)
  A kobold brigand (D:8)
  2 scorpions (D:6)
  2 bullfrogs (D:8)
  Dowan (D:6)
  5 wights
  3 vampire bats (Bailey)
  7 wolf zombies (Bailey)
  5 howler monkeys
  5 jellies
  2 hounds
  4 orc priests
  3 gnoll boudas (D:7)
  A sleepcap (D:7)
  8 orc wizards
  17 gnolls
  10 adders
  A shadow imp (D:7)
  4 ufetubi (D:6)
  3 worms
  4 dart slugs
  27 orcs
  5 bats
  10 endoplasms
  3 giant cockroaches
  10 goblins
  8 hobgoblins
  11 jackals
  17 kobolds
  5 quokkas
  9 ball pythons
  2 frilled lizards
  13 orc zombies (Bailey)
  8 rats
282 creatures vanquished.

Vanquished Creatures (collateral kills)
  A two-headed ogre (D:13)
  Nergalle (D:12)
  2 cyclopes
  5 ugly things
  A kobold demonologist (D:13)
  3 trolls
  A hornet (D:9)
  A shadow (D:11)
  A yak (D:10)
  2 wraiths (D:12)
  A warg (shapeshifter) (D:14)
  A warg (D:10)
  A vampire mosquito (D:14)
  A water moccasin (D:8)
  3 orc warriors
  3 kobold brigands (D:13)
  A gnoll sergeant (D:12)
  3 wights (D:8)
  6 vampire bats (Bailey)
  2 wolf zombies (Bailey)
  4 orc priests
  6 orc wizards
  2 gnolls (D:12)
  7 orc zombies (Bailey)
  A white imp (D:8)
  13 orcs
  A goblin (D:8)
74 creatures vanquished.

Vanquished Creatures (others)
  3 dancing weapons (D:8)
  7 battlemagi
  7 ancestors
17 creatures vanquished.

Grand Total: 373 creatures vanquished

Notes
Turn   | Place    | Note
-------+----------+-------------------------------------------
     0 | D:1      | bjtr the Vine Stalker Enchanter began the quest for the
                  | Orb.
     0 | D:1      | Reached XP level 1. HP: 9/9 MP: 4/4
   124 | D:1      | Reached XP level 2. HP: 13/13 MP: 6/6
   126 | D:1      | Learned a level 1 spell: Slow
   484 | D:1      | Reached skill level 1 in Short Blades
   491 | D:1      | Reached XP level 3. HP: 16/16 MP: 7/7
  1107 | D:2      | Reached XP level 4. HP: 21/21 MP: 5/8
  1164 | D:2      | Learned a level 2 spell: Ensorcelled Hibernation
  1168 | D:2      | Learned a level 3 spell: Confusing Touch
  1482 | D:3      | Found a burning altar of Makhleb.
  1485 | D:3      | Found a glowing silver altar of Zin.
  1679 | D:3      | Noticed an angel
  1679 | D:3      | Noticed a balrug
  1804 | D:3      | Reached XP level 5. HP: 23/25 MP: 7/9
  2268 | D:4      | Identified a scroll of acquirement
  2268 | D:4      | Acquired 792 gold pieces
  2282 | D:4      | Noticed Grinder
  2403 | D:4      | Killed Grinder
  2404 | D:4      | Reached skill level 1 in Fighting
  2404 | D:4      | Reached skill level 1 in Armour
  2404 | D:4      | Reached skill level 5 in Stealth
  2404 | D:4      | Reached skill level 1 in Shields
  2404 | D:4      | Reached XP level 6. HP: 22/30 MP: 7/11
  2408 | D:4      | Learned a level 3 spell: Tukima's Dance
  2413 | D:4      | Noticed Edmund
  2451 | D:4      | Killed Edmund
  2452 | D:4      | Reached XP level 7. HP: 16/33 MP: 4/12
  2775 | D:4      | Found Gasif's Antique Weapon Shoppe.
  2887 | D:4      | Noticed Sigmund
  2900 | D:4      | Killed Sigmund
  3765 | D:5      | Entered Level 5 of the Dungeon
  3836 | D:5      | Gained mutation: You have razor-sharp teeth. [Vine Stalker
                  | growth]
  3836 | D:5      | Reached XP level 8. HP: 33/39 MP: 11/14
  4609 | D:6      | Noticed Dowan
  4610 | D:6      | Noticed Duvessa
  4622 | D:6      | Killed Duvessa
  4632 | D:6      | Killed Dowan
  4804 | D:6      | Reached skill level 5 in Hexes
  5020 | D:6      | Reached XP level 9. HP: 40/43 MP: 14/16
  5056 | D:6      | Found a staircase to the Ecumenical Temple.
  5062 | Temple   | Entered the Ecumenical Temple
  5139 | Temple   | Became a worshipper of Hepliaklqana the Forgotten
  5223 | D:7      | Reached skill level 1 in Ice Magic
  5311 | D:7      | Found a sacrificial altar of Ru.
  5439 | D:7      | Found a white marble altar of Elyvilon.
  5790 | D:7      | Reached skill level 5 in Spellcasting
  5992 | D:7      | Found a shadowy altar of Dithmenos.
  6305 | D:8      | Reached * piety under Hepliaklqana
  6308 | D:8      | Noticed Erica
  6320 | D:8      | HP: 1/30 [poisoned by Erica (bolt of poison)]
  6333 | D:8      | Killed Erica
  6469 | D:8      | Found a flagged portal.
  6483 | Bailey   | Entered a bailey
  6554 | Bailey   | Reached skill level 1 in Evocations
  6636 | Bailey   | Noticed a gargoyle
  6681 | Bailey   | Killed a gargoyle
  6682 | Bailey   | Reached XP level 10. HP: 24/44 MP: 12/19
  7340 | D:8      | Reached skill level 5 in Shields
  7535 | D:8      | Found a staircase to the Lair.
  8017 | D:9      | Noticed a two-headed ogre
  8025 | D:9      | Killed a two-headed ogre
  8026 | D:9      | Reached skill level 5 in Short Blades
  8026 | D:9      | Reached XP level 11. HP: 48/48 MP: 22/22
  8033 | D:9      | Learned a level 5 spell: Metabolic Englaciation
  8162 | D:9      | Reached ** piety under Hepliaklqana
  8163 | D:9      | Remembered your ancestor Aahotepre as a battlemage
  8223 | D:9      | Noticed Jeremiah
  8246 | D:9      | Killed Jeremiah
  8305 | D:9      | Reached skill level 5 in Dodging
  8495 | D:9      | Found an iron altar of Okawaru.
  8528 | D:9      | Found a shimmering blue altar of Sif Muna.
  8618 | D:9      | Found a staircase to the Orcish Mines.
  8890 | D:10     | Entered Level 10 of the Dungeon
  9063 | D:10     | Reached skill level 5 in Fighting
  9159 | D:10     | Found a broken altar of Ashenzari.
  9354 | D:10     | Found a glowing golden altar of the Shining One.
  9354 | D:10     | Found an ornate altar of the Wu Jian Council.
  9683 | D:10     | Upgraded the game from 0.31-a0-925-g0a390f2509 to
                  | 0.31-a0-931-g7b59d4eb97
  9701 | D:11     | Reached *** piety under Hepliaklqana
  9774 | D:11     | Noticed a cyclops
  9780 | D:11     | Killed a cyclops
 10396 | D:12     | Found a glowing silver altar of Zin.
 10515 | D:12     | Noticed Nergalle
 10530 | D:12     | Killed Nergalle
 10531 | D:12     | Reached XP level 12. HP: 15/54 MP: 5/24
 10872 | D:12     | Learned a level 3 spell: Dazzling Flash
 11360 | D:13     | Noticed a two-headed ogre
 11372 | D:13     | Killed a two-headed ogre
 11397 | D:13     | Reached **** piety under Hepliaklqana
 11666 | D:13     | Noticed a centaur warrior
 11684 | D:13     | Killed a centaur warrior
 12276 | D:14     | Noticed a centaur warrior
 12287 | D:14     | Killed a centaur warrior
 12398 | D:14     | Noticed a tengu warrior
 12454 | D:14     | Killed a tengu warrior
 12645 | D:14     | Noticed a two-headed ogre
 12652 | D:14     | Killed a two-headed ogre
 12653 | D:14     | Reached XP level 13. HP: 35/57 MP: 26/26
 12911 | D:14     | Slain by a cyan ugly thing

Illustrated notes

Levels and vault maps discovered:
D:1:      roderic_octagonal_star, layout_rooms, kennysheep_minor_cross
D:2:      layout_loops_cross
D:3:      layout_loops_ring, grunt_temple_overflow_order_and_chaos_2,
          dreamdust_mushroom_princess
D:4:      layout_layer_cave, serial_shops, shop, uniq_sigmund, uniq_grinder,
          uniq_edmund
D:5:      layout_rooms
D:6:      layout_basic, minmay_temple_entry_enclosed_plants, eino_tiny_chamber,
          uniq_duvessa
D:7:      layout_basic, mainiacjoe_overflow_surrounded_room,
          nicolae_elyvilon_peaceful_grove, nicolae_ru_great_annihilating_truth,
          nicolae_figureground_sparkle
D:8:      layout_loops_ring, grunt_lair_entry_orc_guard_hut, enter_bailey_3,
          chequers_jeans, patterned_corridor, uniq_erica
D:9:      layout_roguey, mainiacjoe_overflow_two_lobes,
          minmay_orc_entry_temple_small, uniq_jeremiah
D:10:     layout_small_grid, mainiacjoe_overflow_cross_hatched,
          nicolae_overflow_two_pavilions, nooodl_orcs_dogs
D:11:     hellmonk_ruined_rings, layout_loops_ring
D:12:     layout_cave_pods, glass_columns_c, zin_statuary, uniq_nergalle
D:13:     layout_long_grid
D:14:     minmay_recursive_quarters, layout_rooms,
          hangedman_vaults_entry_quadrant_bands, hex_intersection,
          roderic_lattice_a
Temple:   pdpol_scorched_temple

Skill      XL: |  1  2  3  4  5  6  7  8  9 10 11 12 |
---------------+-------------------------------------+-----
Stealth        | 4 5 6 8 9 |  9.6
Short Blades   | 1 2 3 4 5 6 |  6.3
Dodging        | 2 3 4 5 6 |  6.2
Fighting       | 1 2 4 5 |  5.5
Armour         | 1 2 3 4 |  4.3
Shields        | 1 2 3 4 5 7 9 |  9.5
Spellcasting   | 3 4 5 6 7 8 |  8.9
Hexes          | 4 5 7 8 9 |  9.1
Ice Magic      | 1 |  1.2
Evocations     | 1 |  1.5
Invocations    | |  0.8

Action                     |  1- 3 |  4- 6 |  7- 9 | 10-12 | 13-15 || total
---------------------------+-------+-------+-------+-------+-------++-------
  Melee: Dagger            |   144 |   155 |   460 |   671 |    57 ||  1487
         Bite              |    29 |    49 |   173 |   242 |    34 ||   527
         Punch             |     1 |     3 |     9 |     2 |       ||    15
  Throw: Javelin           |       |       |       |     8 |       ||     8
   Cast: Confusing Touch   |       |     3 |     8 |     2 |       ||    13
         Ensorcelled Hiber |       |       |    11 |     2 |       ||    13
         Tukima's Dance    |       |       |     2 |     6 |       ||     8
         Dazzling Flash    |       |       |       |       |     1 ||     1
 Invoke: Ancestor Life: Ba |       |       |       |     1 |       ||     1
         Idealise          |       |       |       |     1 |     1 ||     2
  Evoke: Wand              |       |     2 |     5 |    13 |     1 ||    21
    Use: Scroll            |       |    10 |     7 |    19 |       ||    36
         Potion            |       |       |     1 |     2 |       ||     3
   Stab: Sleeping          |     4 |     8 |    12 |    14 |       ||    38
         Distracted        |     1 |       |       |     6 |       ||     7
         Confused          |       |       |     3 |     1 |       ||     4
         Invisible         |       |       |     4 |     6 |       ||    10
         Paralysed         |       |       |     1 |       |       ||     1
 Armour: Robe              |    39 |       |    23 |   260 |       ||   322
         Leather armour    |    34 |    88 |   264 |       |       ||   386
         Troll leather arm |       |       |       |   222 |    19 ||   241
  Dodge: Dodged            |    92 |   106 |   301 |   426 |    13 ||   938
  Block: Kite shield       |       |       |       |   268 |    25 ||   293

Table legend: (Time is in decaauts)
 A = Elapsed time spent in this place.
 B = Non-inter-level travel time spent in this place.
 C = Inter-level travel time spent in this place.
 D = Time resting spent in this place.
 E = Time spent auto-exploring this place.
 F = Levels seen in this place.
 G = Mean time per level.
                   A        B        C        D        E       F      G
               +--------+--------+--------+--------+--------+-----+--------+
         Total |  12720 |  12297 |    423 |    932 |   7578 |  16 |  795.0 |
       Dungeon |  12006 |  11592 |    414 |    887 |   7458 |  14 |  857.6 |
        Temple |     87 |     78 |      9 |      0 |      0 |   1 |   87.0 |
        Bailey |    625 |    625 |      0 |     45 |    120 |   1 |  625.0 |
               +--------+--------+--------+--------+--------+-----+--------+

Top non-repeatable levels by time:
     D:4: 1496 daAuts
     D:7: 1112 daAuts
    D:13: 997 daAuts
     D:8: 980 daAuts
    D:12: 900 daAuts
     D:9: 882 daAuts
     D:6: 852 daAuts
    D:10: 801 daAuts
     D:3: 797 daAuts
     D:2: 745 daAuts
     D:1: 699 daAuts
    D:11: 652 daAuts
    D:14: 636 daAuts
  Bailey: 625 daAuts
     D:5: 453 daAuts
